 Dungeon Crawl Stone Soup version 0.26-a0-1033-gd598b01645 (webtiles) character file.

Game seed: 18020867611441051187

575853 streetpizza the Cloud Mage (level 27, -5/186 HPs)
             Began as a Tengu Conjurer on Dec 9, 2020.
             Was the Champion of Vehumet.
             Killed from afar by an orb of fire (35 damage)
             ... with a bolt of fire
             ... on level 3 of the Realm of Zot on Dec 10, 2020.
             The game lasted 11:15:55 (75257 turns).

streetpizza the Cloud Mage (Tengu Conjurer)        Turns: 75257, Time: 11:15:55

Health: -5/186     AC: 13    Str: 13    XL:     27
Magic:  47/61      EV: 35    Int: 31    God:    Vehumet [******]
Gold:   5054       SH:  9    Dex: 22    Spells: 22/66 levels left

rFire    + . .     SeeInvis +   O - staff of air
rCold    . . .     Faith    .   V - +3 buckler {reflect}
rNeg     . . .     Spirit   .   o - +2 robe {Archmagi}
rPois    +         Reflect  +   l - +2 hat
rElec    +         Harm     .   x - +2 cloak {Will+}
rCorr    .         Rampage  .   I - +0 pair of gloves "Faufetus" {+Inv rPois MP+9}
Will     +++++                  (boots unavailable)
Stlth    +++.......             P - amulet "Jatsoy" {RegenMP rElec rF++ Str+4 Dex-3}
HPRegen  0.00/turn              T - ring of the Smoking Coward {rF- MP+9 Int+6 Dex+9 SInv}
MPRegen  0.62/turn              L - ring of Doekhlu {rPois Will+++ AC+4 Int-2 Stlth+}

@: flying quickly and evasively, slowed, lightly drained, very slow
A: beak, talons 3, deformed body, low mp 1, inhibited regeneration, able to fly
}: 3/15 runes: decaying, silver, gossamer
a: Stop Flying, Renounce Religion, Evoke Invisibility


You were on level 3 of the Realm of Zot.
You worshipped Vehumet.
Vehumet was exalted by your worship.
You visited 10 branches of the dungeon, and saw 48 of its levels.
You also visited: Sewer and Bailey.

You collected 7709 gold pieces.
You spent 2655 gold pieces at shops.

Inventory:

Hand Weapons
 M - the +11 flail of Demand {protect, Will+ Int+4}
   (You took it off a yaktaur on level 3 of the Depths)

   It grants its wielder temporary protection when it strikes (+7 to AC).
   It affects your intelligence (+4).
   It affects your willpower, your defense against some magical effects.
 R - the +9 hand axe of Prudence {speed, Int+5 Dex+3}
   (You found it on level 9 of the Dungeon)

   Attacks with this weapon are significantly faster.
   It affects your intelligence (+5).
   It affects your dexterity (+3).
Missiles
 s - 21 curare-tipped darts (quivered)
Armour
 l - a +2 hat (worn)
 o - a +2 robe of the Archmagi (worn)
 x - a +2 cloak of willpower (worn)
 I - the +0 pair of gloves "Faufetus" (worn) {+Inv rPois MP+9}
   (You found it on level 1 of the Swamp)

   It protects you from poison.
   It affects your magic capacity (+9).
   It lets you turn invisible.
 U - a +3 buckler of cold resistance
 V - a +3 buckler of reflection (worn)
Magical Staves
 H - an uncursed staff of conjuration
 O - an uncursed staff of air (weapon)
Jewellery
 g - an uncursed ring of resist corrosion
 j - the ring of Foprotol {+Blink Int+6}
   (You acquired it on level 5 of the Depths)

   [ring of intelligence]

   It affects your intelligence (+6).
   It lets you blink.
 t - an uncursed ring of fire
 E - a +4 ring of evasion
 J - the ring of Cikhlicha {Will+ Str+4}
   (You took it off an orc priest on level 5 of the Depths)

   [ring of willpower]

   It affects your strength (+4).
   It affects your willpower, your defense against some magical effects.
 K - an uncursed ring of wizardry
 L - the ring of Doekhlu (right hand) {rPois Will+++ AC+4 Int-2 Stlth+}
   (You took it off a deep elf death mage on level 3 of the Elven Halls)

   [ring of protection]

   It affects your AC (+4).
   It affects your intelligence (-2).
   It protects you from poison.
   It affects your willpower, your defense against some magical effects.
   It makes you more stealthy.
 P - the amulet "Jatsoy" (around neck) {RegenMP rElec rF++ Str+4 Dex-3}
   (You bought it in a shop on level 2 of the Orcish Mines)

   [amulet of magic regeneration]

   It increases your magic regeneration.
   It affects your strength (+4).
   It affects your dexterity (-3).
   It greatly protects you from fire.
   It insulates you from electricity.
 T - the ring of the Smoking Coward (left hand) {rF- MP+9 Int+6 Dex+9 SInv}
   (You acquired it on level 1 of the Elven Halls)

   [ring of intelligence]

   It affects your intelligence (+6).
   It affects your dexterity (+9).
   It makes you vulnerable to fire.
   It affects your magic capacity (+9).
   It lets you see invisible.
 Y - the ring "Eteibatt" {rElec Will+ Str+4}
   (You took it off a vampire mage on level 5 of the Depths)

   [ring of willpower]

   It affects your strength (+4).
   It insulates you from electricity.
   It affects your willpower, your defense against some magical effects.
Wands
 v - a wand of disintegration (35)
 w - a wand of paralysis (47)
 F - a wand of acid (19)
 S - a wand of digging (4)
 Z - a wand of random effects (17)
Scrolls
 c - 5 scrolls of magic mapping
 d - 7 scrolls of enchant armour
 f - 22 scrolls of teleportation
 h - 20 scrolls of identify
 m - 14 scrolls of amnesia
 n - 24 scrolls of remove curse
 q - 5 scrolls of blinking
 u - 10 scrolls of fog
 y - 6 scrolls of fear
 B - a scroll of enchant weapon
 G - 3 scrolls of silence
 Q - a scroll of brand weapon
 W - a scroll of summoning
 X - a scroll of vulnerability
Potions
 a - 4 potions of cancellation
 b - a potion of brilliance
 e - 7 potions of haste
 i - 10 potions of heal wounds
 k - 15 potions of curing
 p - 6 potions of magic
 r - 4 potions of might
 z - 8 potions of ambrosia
 A - 11 potions of lignification
 C - 9 potions of mutation
 D - 2 potions of berserk rage
 N - 2 potions of resistance


   Skills:
 + Level 22.5(22.4) Fighting
 - Level 17.9(17.7) Dodging
 - Level 2.0(1.9) Stealth
 - Level 4.0(3.8) Shields
 + Level 20.2(20.0) Spellcasting
 + Level 21.6(21.4) Conjurations
 + Level 18.2(18.0) Fire Magic
 - Level 23.0(22.8) Air Magic


You had 22 spell levels left.
You knew the following spells:

 Your Spells              Type           Power        Failure   Level
a - Magic Dart            Conj           ####         0%          1
b - Searing Ray           Conj           ######       0%          2
c - Iskenderun's Mystic   Conj/Tloc      #######.     1%          4
d - Mephitic Cloud        Conj/Pois/Air  ########     0%          3
f - Freezing Cloud        Conj/Ice/Air   ########..   1%          6
h - Fireball              Conj/Fire      ########..   0%          5
i - Starburst             Conj/Fire      ########..   1%          6
j - Tornado               Air            #########.   2%          9
k - Ignition              Fire           ########..   1%          8

Your spell library contained the following spells:

 Spells                   Type           Power        Failure   Level
 Absolute Zero            Ice            #####.....   100%        9
 Shock                    Conj/Air       ####         0%          1
 Corpse Rot               Necr/Air       N/A          0%          2
 Poisonous Vapours        Pois/Air       ######       0%          2
 Swiftness                Air            ########     0%          2
 Conjure Flame            Conj/Fire      ########     0%          3
 Static Discharge         Conj/Air       ########     0%          3
 Airstrike                Air            #########.   0%          4
 Sticky Flame             Conj/Fire      ########     0%          4
 Iskenderun's Battlesphe  Conj           ########     0%          5
 Lightning Bolt           Conj/Air       #########.   0%          5
 Animate Skeleton         Necr           #####.       1%          1
 Apportation              Tloc           #####.       1%          1
 Beastly Appendage        Tmut           #####.       1%          1
 Corona                   Hex            #####..      1%          1
 Freeze                   Ice            ####         1%          1
 Pain                     Necr           ####         1%          1
 Sting                    Tmut/Pois      ####         1%          1
 Summon Small Mammal      Summ           ####         1%          1
 Blink                    Tloc           N/A          1%          2
 Ensorcelled Hibernation  Hex/Ice        #####.       1%          2
 Passwall                 Tmut/Erth      #####...     1%          2
 Sublimation of Blood     Necr           #####.....   1%          2
 Wereblood                Tmut           #####...     1%          2
 Dazzling Flash           Conj/Hex       ######       1%          3
 Frozen Ramparts          Ice            #####.       1%          3
 Ignite Poison            Fire/Tmut/Pois #######.     1%          3
 Stone Arrow              Conj/Erth      ######       1%          3
 Fulminant Prism          Conj/Hex       #######...   1%          4
 Hailstorm                Conj/Ice       #######.     1%          4
 Bolt of Magma            Conj/Fire/Erth ########..   1%          5
 Irradiate                Conj/Tmut      #######...   1%          5
 Silence                  Hex/Air        ########..   1%          5
 Iron Shot                Conj/Erth      #######...   1%          6
 Orb of Destruction       Conj           ########..   1%          7
 Chain Lightning          Conj/Air       #########.   1%          8
 Call Canine Familiar     Summ           #####...     3%          3
 Confusing Touch          Hex            #####...     3%          3
 Gell's Gravitas          Tloc           #####.....   3%          3
 Lesser Beckoning         Tloc           #####.....   3%          3
 Ozocubu's Armour         Ice            #####...     3%          3
 Portal Projectile        Hex/Tloc       #####.       3%          3
 Spider Form              Tmut/Pois      #####.....   3%          3
 Teleport Other           Tloc           #####...     3%          3
 Tukima's Dance           Hex            #####...     3%          3
 Vampiric Draining        Necr           #####.....   3%          3
 Olgreb's Toxic Radiance  Pois           #####...     3%          4
 Spellforged Servitor     Conj/Summ      #######...   3%          7
 Yara's Violent Unravell  Hex/Tmut       #####.....   9%          5
 Fire Storm               Conj/Fire      ########..   10%         9
 Animate Dead             Necr           #####.....   12%         4
 Dispel Undead            Necr           #####...     12%         4
 Ice Form                 Ice/Tmut       #####...     12%         4
 Passage of Golubria      Tloc           N/A          12%         4
 Petrify                  Tmut/Erth      #####...     12%         4
 Summon Ice Beast         Ice/Summ       #####...     12%         4
 Lehudib's Crystal Spear  Conj/Erth      #######...   24%         8
 Agony                    Necr           #####...     32%         5
 Alistair's Intoxication  Tmut/Pois      #####....    32%         5
 Blade Hands              Tmut           #####.....   32%         5
 Borgnjor's Vile Clutch   Necr/Erth      #####.....   32%         5
 Excruciating Wounds      Necr           #####.....   32%         5
 Metabolic Englaciation   Hex/Ice        #####.....   32%         5
 Summon Forest            Summ/Tloc      #####.....   32%         5
 Summon Mana Viper        Hex/Summ       #####...     32%         5
 Ozocubu's Refrigeration  Ice            #####.....   41%         6
 Death Channel            Necr           #####.....   87%         6
 Dispersal                Tloc           #####.....   87%         6
 Eringya's Noxious Bog    Tmut/Pois      #####.....   87%         6
 Hydra Form               Tmut           #####.....   87%         6
 Invisibility             Hex            #####...     87%         6
 Shadow Creatures         Summ           N/A          87%         6
 Simulacrum               Ice/Necr       #####.....   87%         6
 Statue Form              Tmut/Erth      #####....    87%         6
 Dragon Form              Tmut           #####.....   100%        7
 Malign Gateway           Summ/Tloc      #####.....   100%        7
 Summon Hydra             Summ           #####.....   100%        7
 Disjunction              Tloc           #####.....   100%        8


Dungeon Overview and Level Annotations

Branches:
Dungeon (15/15)            Temple (1/1) D:5            Lair (6/6) D:8
  Swamp (4/4) Lair:4       Spider (4/4) Lair:4        Slime (0/5) Lair:5
    Orc (2/2) D:10            Elf (3/3) Orc:2        Vaults (5/5) D:13
  Crypt (0/3) Vaults:3     Depths (5/5) D:15            Zot (3/5) Depths:5
  Sewer (visited)          Bailey (visited)

Altars:
Ashenzari
Cheibriados
Dithmenos
Elyvilon
Fedhas
Gozag
Hepliaklqana
Kikubaaqudgha
Makhleb
Nemelex Xobeh
Okawaru
Qazlal
Ru
Sif Muna
Trog
Uskayaw
Vehumet
Wu Jian
Xom
Yredelemnul
Zin
The Shining One
Beogh
Jiyva

Shops:
D:5 *   D:7 *   Orc:2 ?[!=   Vaults:3 [   Depths:2 (?

Portals:
Hell: Depths:1 Depths:2 Depths:3 Depths:4 Depths:5
Abyss: Depths:1 Depths:2 Depths:4 Depths:5
Pandemonium: Depths:3
Ziggurat: Depths:2

Annotations:
D:14 3 runed translucent doors, om's ghost, journeyman GrMo
Lair:6 Josephine
Spider:2 Arachne
Elf:3 2 transporters, DarkMailMan's ghost, journeyman HOFi
Vaults:4 1 transporter


Innate Abilities, Weirdness & Mutations

You have a beak for a mouth.
You have claws for feet.
You can fly continuously.
Armour fits poorly on your strangely shaped body.
Your magical capacity is low. (-10% MP)
You do not regenerate when monsters are visible.


Message History

The orb of fire emits a lurid red light.
The bolt of fire hits you!!! You resist.
* * * LOW HITPOINT WARNING * * *
A moth of wrath comes into view.
There is a stone staircase leading up here.
Casting: Iskenderun's Mystic Blast (safe; 1% risk of failure)
Confirm with . or Enter, or press ? or * to list all spells.
You feel a surge of power!
You erupt in a blast of force!
The mystic blast hits the orb of fire!!
The orb of fire is lightly damaged.
The orb of fire is knocked back by the mystic blast.
The moth of wrath's fur bristles in rage as it notices you.
The shadow dragon breathes negative energy at you.
The bolt of negative energy misses you.
The orb of fire glows red.
Strange energies course through your body.
Your regeneration stops near monsters.
The orb of fire glows red.
The bolt of fire hits you!! You resist.
You die...

##.........?.
#..[..#....<.
#...dy# >....
#.†...##.....
#...D..#....
###.....[.##
#..........## .
#...........#....
.......*..@?....#
./...............#
.................#
#...###.(y######.#
... #...# .# #....
# .... ....


You could see an orb of fire, a shadow dragon (catching breath), a purple
draconian and 2 moths of wrath.

Vanquished Creatures
  Mennas (Vaults:5)
  An orb of fire (Zot:2)
  A juggernaut (Depths:3)
  An ancient lich (Vaults:5)
  Boris (twice) (Vaults:4 Depths:3)
  Sojobo (Vaults:5)
  Bai Suzhen (Vaults:4)
  3 caustic shrikes
  11 golden dragons
  Nikola (Swamp:2)
  Jorgrun (Swamp:2)
  15 tentacled monstrosities
  2 deep elf master archers (Elf:3)
  2 quicksilver dragons
  Asterion (Spider:4)
  2 liches
  2 deep elf blademasters (Elf:3)
  5 titans
  3 death cobs
  8 shadow dragons
  4 sphinxes
  6 tengu reavers
  A thorn hunter (Swamp:3)
  6 storm dragons
  Kirke (Elf:1)
  Donald (Spider:4)
  An azure jelly (shapeshifter) (Vaults:5)
  9 fire giants
  5 frost giants
  14 vault wardens
  A draconian scorcher (Depths:5)
  3 ghost moths
  3 orc warlords
  2 deep elf sorcerers (Elf:3)
  A balrug (Depths:1)
  4 emperor scorpions (Spider:4)
  2 iron dragons
  Aizul (Spider:4)
  Louise (Elf:1)
  A draconian stormcaller (Zot:1)
  3 war gargoyles (Vaults:5)
  The ghost of Quebbil the Bludgeoner, a journeyman GrFi of Okawaru (Spider:4)
  8 deep elf elementalists
  2 angels (Elf:2)
  3 spriggan defenders
  4 ironheart preservers
  6 very ugly things
  30 stone giants
  2 draconian annihilators (Depths:5)
  4 vampire knights
  6 deep elf demonologists
  9 deep elf annihilators
  A dire elephant (Lair:5)
  A white draconian (Zot:1)
  A green draconian (Zot:1)
  2 entropy weavers (shapeshifter)
  4 bunyips
  3 purple draconians (Zot:1)
  4 entropy weavers
  10 spark wasps
  A crystal guardian (Vaults:4)
  7 deep elf death magi
  A green death (Depths:3)
  6 eleionomae
  20 ettins
  6 jiangshi
  17 yaktaur captains
  11 fire dragons
  5 deep elf high priests
  40 vault guards
  11 great orbs of eyes
  8 rakshasas
  18 ice dragons
  6 boulder beetles
  5 catoblepae
  6 ghost crabs
  20 hydras
  6 spriggan air magi
  An anaconda (shapeshifter) (Depths:3)
  12 centaur warriors
  Erica (D:10)
  14 alligators
  52 two-headed ogres
  29 dancing weapons
  15 deep troll shamans
  15 ogre magi
  3 vampire magi
  7 orc high priests
  6 death yaks (Lair:6)
  A naga sharpshooter (Depths:5)
  11 deep troll earth magi
  14 spriggans
  12 tengu warriors
  6 spriggan berserkers
  Sonja (Lair:3)
  2 sun demons (Depths:1)
  31 deep elf knights
  Nergalle (Lair:3)
  A hell knight (Depths:5)
  A fire crab (Swamp:4)
  2 shadow wraiths (Vaults:3)
  5 iron trolls
  4 goliath frogs
  4 unseen horrors
  5 glowing orange brains
  39 deep trolls
  A death drake (shapeshifter) (Depths:3)
  4 bog bodies
  7 spriggan druids
  A gelid demonspawn (Depths:3)
  3 wizards
  2 flayed ghosts
  2 lindwurms (Swamp:4)
  9 swamp dragons
  Pikel (D:5)
  2 mana vipers (shapeshifter)
  3 phantasmal warriors (Vaults:5)
  15 deep elf archers
  A wolf spider zombie (D:15)
  17 orb spiders
  77 deep elf magi
  17 orc knights
  6 necromancers
  9 orc sorcerers
  2 oklob plants
  6 manticores
  2 wolf spiders (shapeshifter) (Vaults:5)
  21 wolf spiders
  15 ironbrand convokers
  3 cyclopes
  26 ugly things
  6 will-o-the-wisps
  25 elephants
  11 moths of wrath
  A salamander (shapeshifter) (Vaults:1)
  A black mamba (shapeshifter) (Depths:4)
  6 black mambas
  A naga mage (D:15)
  A fire giant skeleton (Depths:1)
  2 guardian serpents (Depths:5)
  A centaur zombie (D:13)
  10 vault sentinels
  3 gargoyles
  A water nymph (shapeshifter) (Depths:4)
  6 torpor snails
  An eye of devastation (shapeshifter) (Depths:4)
  2 orange demons (Depths:3)
  16 komodo dragons
  Maggie (D:10)
  11 cane toads
  42 yaktaurs
  5 freezing wraiths
  5 rime drakes
  24 demonic crawlers
  3 tengu conjurers
  8 trolls
  34 jumping spiders
  24 hornets
  A red devil (Depths:3)
  11 tyrant leeches
  3 bloated husks
  5 polar bears
  Grinder (D:3)
  A hornet (shapeshifter) (Depths:4)
  29 slime creatures
  2 large abominations (Elf:1)
  An ice dragon zombie (Depths:1)
  15 blink frogs
  A frost giant simulacrum (Vaults:2)
  3 air elementals
  Sigmund (D:6)
  3 shadows
  74 redbacks
  An ettin skeleton (Depths:1)
  6 wraiths
  2 wyverns (shapeshifter)
  A spriggan (shapeshifter) (Depths:5)
  A spriggan skeleton (Depths:1)
  A tarantella (shapeshifter) (Depths:2)
  4 fire elementals
  69 yaks
  A water elemental (Elf:3)
  17 tarantellas
  4 wyverns
  6 hogs (Elf:1)
  6 basilisks
  A chaos spawn (Depths:3)
  Grum (D:8)
  5 wargs
  2 vampire mosquitoes (Swamp:2)
  A yaktaur simulacrum (Vaults:2)
  2 steam dragons
  21 swamp worms
  A soldier ant (D:14)
  11 water moccasins
  Edmund (D:6)
  3 acid dragons
  3 floating eyes (Depths:5)
  A tengu skeleton (Depths:1)
  A human skeleton (Depths:1)
  Purgy (Sewer)
  2 floating eyes (shapeshifter)
  3 eyes of draining
  4 sky beasts
  A phantom (D:14)
  74 orc warriors
  3 swamp drakes
  2 human zombies (Vaults:2)
  2 black bears (D:8)
  An eye of draining (shapeshifter) (Vaults:1)
  16 boggarts
  18 wolves
  37 ogres
  23 centaurs
  6 elf zombies (Elf:1)
  2 lemures (D:5)
  A big kobold (D:12)
  Blork the orc (D:4)
  16 bullfrogs
  2 earth elementals
  A wyvern zombie (D:12)
  3 scorpions
  An elf simulacrum (Vaults:2)
  4 wights (D:11)
  7 howler monkeys
  12 electric eels
  A crimson imp (Depths:3)
  3 bullfrog zombies
  2 quasits
  3 bullfrog skeletons
  6 hounds
  2 jellies
  54 orc priests
  4 centaur skeletons
  5 iguanas
  2 iron imps (Depths:3)
  Terence (D:2)
  Ijyb (D:3)
  Natasha (twice) (D:3)
  35 orc wizards
  10 worker ants
  11 hell rats
  2 hound zombies
  3 worker ant zombies
  11 gnolls
  14 adders
  A river rat (D:5)
  6 white imps
  3 ufetubi
  2 oozes
  An adder zombie (D:6)
  An adder skeleton (D:4)
  7 worms
  10 leopard geckos
  158 orcs
  2 ball pythons
  4 giant cockroaches
  17 goblins
  12 hobgoblins
  19 jackals
  14 kobolds
  4 quokkas
  5 bats
  3 frilled lizards
  A giant cockroach zombie (D:6)
  A kobold (shapeshifter) (Vaults:5)
  A leopard gecko skeleton (D:8)
  13 rats
  27 briar patches (Swamp:1)
2278 creatures vanquished.

Vanquished Creatures (others)
  A fire giant (Depths:2)
  A hydra (Swamp:4)
  An alligator (Swamp:3)
  A deep elf mage (Elf:2)
  A demonic crawler (Spider:2)
  A water elemental (Elf:2)
  A steam dragon (Swamp:4)
  9 swamp drakes (Swamp:4)
  An orc priest (Vaults:4)
  An iguana (D:14)
  An orc (Vaults:2)
  A quokka (D:6)
  2 bushes (Lair:6)
  10 foxfires
  74 fungi
  93 plants
199 creatures vanquished.

Grand Total: 2477 creatures vanquished

Notes
Turn   | Place    | Note
-------+----------+-------------------------------------------
     0 | D:1      | streetpizza the Tengu Conjurer began the quest for the Orb.
     0 | D:1      | Reached XP level 1. HP: 10/10 MP: 4/4
   265 | D:1      | Reached XP level 2. HP: 16/16 MP: 3/6
  1167 | D:2      | Reached skill level 1 in Fighting
  1223 | D:2      | Reached XP level 3. HP: 17/20 MP: 3/7
  1226 | D:2      | Learned a level 2 spell: Searing Ray
  1510 | D:2      | Found a basalt altar of Yredelemnul.
  1568 | D:2      | Found a radiant altar of Vehumet.
  1580 | D:2      | Became a worshipper of Vehumet
  1713 | D:2      | Noticed Terence
  1728 | D:2      | Killed Terence
  1729 | D:2      | Reached XP level 4. HP: 25/25 MP: 1/8
  1903 | D:3      | Noticed Natasha
  1905 | D:3      | Killed Natasha
  1906 | D:3      | Gained mutation: You can fly continuously. [Tengu growth]
  1906 | D:3      | Reached XP level 5. HP: 21/30 MP: 6/10
  2021 | D:3      | Noticed Ijyb
  2028 | D:3      | Killed Ijyb
  2072 | D:3      | Noticed Grinder
  2129 | D:3      | Reached * piety under Vehumet
  2129 | D:3      | Offered knowledge of Freeze by Vehumet.
  2134 | D:3      | Reached XP level 6. HP: 25/36 MP: 4/11
  2331 | D:3      | Paralysed by Grinder for 5 turns
  2342 | D:3      | Killed Grinder
  2343 | D:3      | Reached XP level 7. HP: 35/41 MP: 5/13
  2664 | D:3      | Noticed Natasha
  2671 | D:3      | Killed Natasha
  3146 | D:4      | Offered knowledge of Shock by Vehumet.
  3163 | D:4      | Reached skill level 5 in Dodging
  3172 | D:4      | Reached ** piety under Vehumet
  3357 | D:4      | Noticed Blork the orc
  3364 | D:4      | Killed Blork the orc
  3365 | D:4      | Reached XP level 8. HP: 48/48 MP: 11/15
  3374 | D:4      | Found a shimmering blue altar of Sif Muna.
  3399 | D:5      | Entered Level 5 of the Dungeon
  3399 | D:5      | Found Wechi's General Store.
  3403 | D:5      | Bought a scroll of identify for 26 gold pieces
  3403 | D:5      | Bought a scroll of amnesia for 45 gold pieces
  3581 | D:5      | Found a glowing drain.
  3593 | Sewer    | Entered a sewer
  3714 | Sewer    | Offered knowledge of Stone Arrow by Vehumet.
  3726 | Sewer    | Noticed Purgy
  3746 | Sewer    | Killed Purgy
  3834 | D:5      | Noticed a moth of wrath
  3837 | D:5      | Found a bloodstained altar of Trog.
  4041 | D:5      | Found a hazy altar of Hepliaklqana.
  4412 | D:5      | Found a staircase to the Ecumenical Temple.
  4421 | Temple   | Entered the Ecumenical Temple
  4805 | D:5      | Noticed Pikel
  4814 | D:5      | Killed Pikel
  4815 | D:5      | Reached skill level 5 in Fighting
  4815 | D:5      | Reached skill level 5 in Spellcasting
  4939 | D:5      | Found an iron altar of Okawaru.
  5125 | D:6      | Noticed Sigmund
  5187 | D:6      | Reached XP level 9. HP: 30/54 MP: 13/18
  5630 | D:6      | Killed Sigmund
  5642 | D:6      | Reached *** piety under Vehumet
  5681 | D:5      | Learned a level 4 spell: Iskenderun's Mystic Blast
  5757 | D:6      | Found a sparkling altar of Nemelex Xobeh.
  5908 | D:6      | Found an opulent altar of Gozag.
  6118 | D:6      | Noticed Edmund
  6132 | D:6      | Killed Edmund
  6132 | D:6      | Offered knowledge of Olgreb's Toxic Radiance by Vehumet.
  6240 | D:6      | Found a hide-covered altar of Uskayaw.
  6315 | D:7      | Reached skill level 10 in Conjurations
  6784 | D:7      | Found Vazihon's General Store.
  7148 | D:8      | Reached **** piety under Vehumet
  7268 | D:8      | Noticed Grum
  7273 | D:8      | Reached XP level 10. HP: 61/61 MP: 18/20
  7275 | D:8      | Killed Grum
  7408 | D:8      | Found a staircase to the Lair.
  8223 | D:9      | Got a transparent hand axe
  8228 | D:9      | Identified the +9 hand axe of Prudence {speed, Int+5 Dex+3}
                  | (You found it on level 9 of the Dungeon)
  8545 | D:10     | Entered Level 10 of the Dungeon
  8567 | D:10     | Noticed Erica
  8570 | D:10     | Offered knowledge of Mephitic Cloud by Vehumet.
  8582 | D:10     | Killed Erica
  8804 | D:10     | Noticed a gargoyle
  8849 | D:10     | Noticed a two-headed ogre
  9006 | D:10     | Killed a two-headed ogre
  9007 | D:10     | Reached XP level 11. HP: 56/68 MP: 16/23
  9164 | D:10     | Noticed Maggie
  9180 | D:10     | Killed Maggie
  9297 | D:10     | Found a staircase to the Orcish Mines.
 10084 | D:10     | Learned a level 3 spell: Mephitic Cloud
 10150 | D:11     | Found a blossoming altar of Fedhas.
 10274 | D:11     | Got a transparent quarterstaff
 10275 | D:11     | Identified the +3 quarterstaff "Ikhlef" {flame, rC+ Dex+7}
                  | (You found it on level 11 of the Dungeon)
 10453 | D:11     | Noticed a cyclops
 10458 | D:11     | Killed a cyclops
 10599 | D:11     | Reached ***** piety under Vehumet
 10732 | D:11     | Offered knowledge of Sticky Flame by Vehumet.
 10931 | D:11     | Learned a level 4 spell: Sticky Flame
 11109 | D:12     | Reached skill level 10 in Dodging
 11260 | D:12     | Paralysed by a hornet for 1 turns
 11543 | D:12     | Noticed a manticore
 11553 | D:12     | Killed a manticore
 11637 | D:12     | Found a flagged portal.
 11675 | Bailey   | Entered a bailey
 12026 | Bailey   | Found an iron altar of Okawaru.
 12026 | Bailey   | Noticed an orc high priest
 12026 | Bailey   | Noticed an orc high priest
 12147 | Bailey   | Noticed a soul eater
 12151 | Bailey   | Killed an orc high priest
 12158 | Bailey   | Killed an orc high priest
 12159 | Bailey   | Reached XP level 12. HP: 67/76 MP: 15/26
 12181 | Bailey   | Acquired 1211 gold pieces
 13314 | D:13     | Reached skill level 1 in Air Magic
 13318 | D:13     | Reached skill level 1 in Fire Magic
 13491 | D:13     | Got a tattered robe
 13502 | D:13     | Identified the +2 robe of a Labyrinth {Str+4} (You found it
                  | on level 13 of the Dungeon)
 13537 | D:13     | Offered knowledge of Lee's Rapid Deconstruction by Vehumet.
 13545 | D:13     | Reached skill level 10 in Fighting
 13551 | D:13     | Reached skill level 2 in Air Magic
 13831 | D:13     | Reached skill level 3 in Air Magic
 13837 | D:13     | Noticed an eight-headed hydra
 13935 | D:13     | Killed an eight-headed hydra
 14159 | D:13     | Reached skill level 4 in Air Magic
 14195 | D:13     | Noticed a vault guard
 14214 | D:13     | Noticed a vault guard
 14217 | D:13     | Killed a vault guard
 14217 | D:13     | Noticed an ogre mage
 14220 | D:13     | Noticed a vault guard
 14223 | D:13     | Killed a vault guard
 14224 | D:13     | Noticed a vault guard
 14228 | D:13     | Killed an ogre mage
 14229 | D:13     | Reached skill level 10 in Spellcasting
 14229 | D:13     | Reached skill level 5 in Air Magic
 14229 | D:13     | Reached XP level 13. HP: 38/83 MP: 5/28
 14581 | D:13     | Killed a vault guard
 14740 | D:13     | Killed a vault guard
 14834 | D:13     | Found a gate to the Vaults.
 15167 | D:14     | Reached skill level 5 in Fire Magic
 15167 | D:14     | Reached skill level 6 in Air Magic
 15232 | D:14     | Found a runed translucent gate.
 15232 | D:14     | Found a runed translucent gate.
 15232 | D:14     | Found a runed translucent gate.
 15260 | D:14     | Noticed a blizzard demon
 15260 | D:14     | Noticed om's ghost (journeyman GrMo)
 15820 | D:14     | Noticed a rakshasa
 16291 | D:14     | Killed a rakshasa
 16803 | D:14     | Reached skill level 7 in Air Magic
 17194 | D:15     | Entered Level 15 of the Dungeon
 17673 | D:15     | Noticed an ogre mage
 17705 | D:15     | Killed an ogre mage
 17727 | D:15     | Reached skill level 8 in Air Magic
 18534 | D:15     | Reached XP level 14. HP: 91/91 MP: 27/30
 18560 | D:15     | Found a staircase to the Depths.
 18676 | D:15     | Reached skill level 9 in Air Magic
 18886 | D:15     | Offered knowledge of Ozocubu's Refrigeration by Vehumet.
 19812 | D:15     | HP: 4/92 [two-headed ogre/+0 giant spiked club (19)]
 20255 | D:8      | Learned a level 6 spell: Ozocubu's Refrigeration
 20256 | Lair:1   | Entered Level 1 of the Lair of Beasts
 22252 | Lair:2   | Reached skill level 10 in Air Magic
 22806 | Lair:2   | Got a dazzling scale mail
 23178 | Lair:3   | Noticed Nergalle
 23460 | Lair:3   | Noticed Sonja
 24081 | Lair:3   | Identified the +1 scale mail of an ice cave {-Cast rF++
                  | rC++} (You found it on level 2 of the Lair of Beasts)
 24106 | Lair:3   | Killed Sonja
 24107 | Lair:3   | Reached XP level 15. HP: 97/97 MP: 21/31
 24246 | Lair:3   | Killed Nergalle
 24605 | Lair:3   | Offered knowledge of Lightning Bolt by Vehumet.
 24612 | Lair:3   | Learned a level 5 spell: Lightning Bolt
 25049 | Lair:4   | Reached skill level 11 in Air Magic
 25373 | Lair:4   | Found a hole to the Spider Nest.
 25831 | Lair:4   | Found a staircase to the Swamp.
 25991 | Lair:4   | You are sucked into a shaft and drop 2 floors!
 25991 | Lair:6   | Entered Level 6 of the Lair of Beasts
 27652 | Lair:5   | Reached skill level 10 in Fire Magic
 28654 | Lair:5   | Reached skill level 12 in Air Magic
 28960 | Lair:5   | Found a staircase to the Slime Pits.
 28960 | Lair:5   | Found a viscous altar of Jiyva.
 29072 | Lair:5   | Identified the Compendium of Creative Envenoming
 29403 | Lair:6   | Noticed Josephine
 29427 | Lair:6   | Offered knowledge of Fireball by Vehumet.
 29434 | Lair:6   | Learned a level 5 spell: Fireball
 29826 | Lair:6   | Reached XP level 16. HP: 93/104 MP: 30/33
 30684 | Lair:6   | Got a slimy hand crossbow
 30685 | Lair:6   | Identified the +2 hand crossbow of Uskayaw's Displeasure
                  | {elec, Int+3 Dex-2 Stlth+} (You found it on level 6 of the
                  | Lair of Beasts)
 31958 | Orc:1    | Entered Level 1 of the Orcish Mines
 32612 | Orc:1    | Offered knowledge of Starburst by Vehumet.
 33139 | Orc:2    | Entered Level 2 of the Orcish Mines
 33262 | Orc:2    | Reached ****** piety under Vehumet
 33285 | Orc:1    | Learned a level 6 spell: Starburst
 33606 | Orc:2    | Offered knowledge of Conjure Ball Lightning by Vehumet.
 33622 | Orc:2    | Found Juskel's Antique Armour Shoppe.
 33647 | Orc:2    | Found a roughly hewn altar of Beogh.
 33971 | Orc:2    | Found Wurece's Magic Scroll Emporium.
 33978 | Orc:2    | Bought a scroll of enchant weapon for 90 gold pieces
 33978 | Orc:2    | Bought a scroll of enchant armour for 90 gold pieces
 34653 | Orc:2    | Found a staircase to the Elven Halls.
 35837 | Orc:2    | Offered knowledge of Tornado by Vehumet.
 35837 | Orc:2    | Offered knowledge of Ignition by Vehumet.
 35837 | Orc:2    | Offered knowledge of Absolute Zero by Vehumet.
 36057 | Orc:2    | Found a roughly hewn altar of Beogh.
 36140 | Orc:2    | Found Coroesych's Jewellery Shoppe.
 36295 | Orc:2    | Reached skill level 15 in Conjurations
 36316 | Orc:2    | Found Waenk's Distillery.
 36353 | Orc:2    | Bought the amulet "Jatsoy" {RegenMP rElec rF++ Str+4 Dex-3}
                  | for 826 gold pieces
 36410 | Elf:1    | Entered Level 1 of the Elven Halls
 36410 | Elf:1    | Noticed Louise
 36439 | Elf:1    | Killed Louise
 36597 | Elf:1    | Noticed Kirke
 36602 | Elf:1    | Killed Kirke
 36976 | Elf:1    | Acquired the ring of the Smoking Coward {rF- MP+9 Int+6
                  | Dex+9 SInv}
 37298 | Elf:1    | Reached XP level 17. HP: 111/111 MP: 35/35
 37665 | Elf:1    | Identified Kikubaaqudgha's Volume of Darkness
 38202 | Elf:2    | Found a white marble altar of Elyvilon.
 38210 | Elf:2    | Found a glowing silver altar of Zin.
 38229 | Elf:2    | Found a huge runed translucent gate.
 38229 | Elf:2    | Found a huge runed translucent gate.
 38229 | Elf:2    | Found a huge runed translucent gate.
 38229 | Elf:2    | Found a huge runed translucent gate.
 38230 | Elf:2    | Found a huge runed translucent gate.
 38230 | Elf:2    | HP: 3/111 [+7 dagger (11)]
 38533 | Elf:2    | Reached skill level 13 in Air Magic
 39876 | Elf:2    | Found a glowing golden altar of the Shining One.
 41273 | Elf:2    | Reached skill level 14 in Air Magic
 41275 | Elf:2    | Reached XP level 18. HP: 81/118 MP: 30/36
 41548 | Elf:3    | Entered Level 3 of the Elven Halls
 41650 | Elf:3    | Found a transporter.
 41650 | Elf:3    | Noticed DarkMailMan's ghost (journeyman HOFi)
 41659 | Elf:3    | Reached skill level 15 in Dodging
 41760 | Elf:3    | Found a transporter.
 41938 | Elf:3    | Reached skill level 15 in Fighting
 42008 | Elf:3    | Identified the cursed +1 mace of Excruciating Pain
                  | {antimagic, Str+3 SInv}
 42017 | Elf:3    | Noticed a deep elf blademaster
 42032 | Elf:3    | Noticed an Ice Fiend
 42226 | Elf:3    | Noticed a deep elf master archer
 42229 | Elf:3    | Killed a deep elf master archer
 42290 | Elf:3    | Killed a deep elf blademaster
 42354 | Elf:3    | Identified the ring of Doekhlu {rPois Will+++ AC+4 Int-2
                  | Stlth+}
 42575 | Elf:3    | Identified the Grimoire of the Serpent
 42581 | Elf:3    | Got a translucent hand axe
 42582 | Elf:3    | Identified the cursed +1 hand axe "Mudej" {protect, rF+}
                  | (You found it on level 3 of the Elven Halls)
 42615 | Elf:3    | Found the +9 staff of Olgreb {rPois∞}
 42659 | Elf:3    | Identified the Catalogue of Changing
 42768 | Elf:3    | Identified the Catalogue of Black Magic
 42911 | Elf:3    | Noticed a deep elf blademaster
 43062 | Elf:3    | Killed a deep elf blademaster
 43098 | Elf:3    | Noticed a deep elf master archer
 43111 | Elf:3    | Killed a deep elf master archer
 43461 | Elf:3    | Noticed a shard shrike
 43740 | Swamp:1  | Entered Level 1 of the Swamp
 43917 | Swamp:1  | Found a transporter.
 44021 | Swamp:1  | Found a transporter.
 44632 | Swamp:2  | Reached skill level 15 in Air Magic
 44807 | Swamp:2  | Noticed Jorgrun
 44811 | Swamp:2  | Killed Jorgrun
 44812 | Swamp:2  | Reached XP level 19. HP: 73/124 MP: 9/38
 45123 | Swamp:2  | Noticed Nikola
 45128 | Swamp:2  | Killed Nikola
 45410 | Swamp:2  | Acquired a book of Spatial Translocations
 45427 | Swamp:2  | You are sucked into a shaft and drop 1 floor!
 46077 | Swamp:4  | Entered Level 4 of the Swamp
 46856 | Swamp:4  | Learned a level 6 spell: Freezing Cloud
 47182 | Swamp:4  | Reached skill level 16 in Air Magic
 47326 | Swamp:4  | Reached skill level 15 in Spellcasting
 47571 | Swamp:4  | Got a decaying rune of Zot
 48364 | Swamp:1  | Got a coiled brass ring
 48367 | Swamp:1  | Got a pair of ancient gloves
 48378 | Swamp:1  | Identified the +0 pair of gloves "Faufetus" {+Inv rPois
                  | MP+9} (You found it on level 1 of the Swamp)
 48380 | Swamp:1  | Identified the ring "Dimulo" {rF+ EV+4} (You found it on
                  | level 1 of the Swamp)
 48461 | Spider:1 | Entered Level 1 of the Spider Nest
 48872 | Spider:1 | Reached XP level 20. HP: 101/131 MP: 30/40
 50021 | Spider:2 | Noticed Arachne
 51368 | Spider:3 | Got a crude platinum amulet
 51380 | Spider:3 | Identified the amulet "Riwip" {Acrobat MP+9 Stlth+} (You
                  | found it on level 3 of the Spider Nest)
 51718 | Spider:4 | Entered Level 4 of the Spider Nest
 51741 | Spider:4 | Noticed Asterion
 51752 | Spider:4 | Killed Asterion
 51760 | Spider:4 | Noticed Aizul
 52021 | Spider:4 | Noticed Donald
 52408 | Spider:4 | Killed Donald
 52409 | Spider:4 | Reached skill level 17 in Air Magic
 52416 | Spider:4 | Killed Aizul
 52788 | Spider:4 | Found a runed translucent door.
 52789 | Spider:4 | Found a shimmering altar of Xom.
 52789 | Spider:4 | Noticed Quebbil's ghost (journeyman GrFi)
 52818 | Spider:4 | Killed Quebbil's ghost
 53651 | Spider:4 | Got a gossamer rune of Zot
 54170 | Vaults:1 | Entered Level 1 of the Vaults
 54423 | Vaults:1 | Reached XP level 21. HP: 138/138 MP: 41/41
 56756 | Vaults:2 | Reached skill level 18 in Air Magic
 58051 | Vaults:3 | Identified the cursed +1 battleaxe of Quantum Leap {freeze,
                  | Will+ Str+2 Dex+4} (You found it on level 3 of the Vaults)
 58425 | Vaults:3 | Found Laghoip's Armour Shoppe.
 58642 | Vaults:3 | Found a staircase to the Crypt.
 59103 | Vaults:4 | Reached skill level 19 in Air Magic
 59162 | Vaults:4 | Reached XP level 22. HP: 140/145 MP: 43/43
 59636 | Vaults:4 | Noticed Bai Suzhen
 59644 | Vaults:4 | Killed Bai Suzhen
 59889 | Vaults:4 | Noticed Boris
 59949 | Vaults:4 | Killed Boris
 60158 | Vaults:4 | Reached skill level 20 in Air Magic
 60240 | Vaults:4 | Found a transporter.
 60291 | Vaults:4 | Found a bloodstained altar of Trog.
 60292 | Vaults:4 | Found the cursed necklace of Bloodlust {*Rage +Rage Will++
                  | Int-3 Slay+6 *Curse}
 60362 | Vaults:4 | Learned a level 9 spell: Tornado
 60422 | Vaults:4 | Learned a level 8 spell: Ignition
 60423 | Vaults:5 | Entered Level 5 of the Vaults
 60423 | Vaults:5 | Noticed Sojobo
 60427 | Vaults:5 | Killed Sojobo
 60441 | Vaults:5 | Reached skill level 21 in Air Magic
 60590 | Vaults:4 | Upgraded the game from 0.26-a0-1026-g544776af23 to
                  | 0.26-a0-1033-gd598b01645
 60710 | Vaults:5 | Reached XP level 23. HP: 94/153 MP: 45/45
 60713 | Vaults:5 | Identified the +7 spear of Parts Unknown {freeze, rPois
                  | Will+ Str-2 Dex+4}
 61179 | Vaults:5 | Noticed Mennas
 61734 | Vaults:5 | Killed Mennas
 61737 | Vaults:5 | Noticed a golden dragon
 61801 | Vaults:5 | Killed a golden dragon
 61802 | Vaults:5 | Reached skill level 22 in Air Magic
 62014 | Vaults:5 | Noticed an ancient lich
 62020 | Vaults:5 | Killed an ancient lich
 62024 | Vaults:5 | Noticed a golden dragon
 62030 | Vaults:5 | Killed a golden dragon
 62539 | Vaults:5 | Identified the ring "Titric" {Dex+6 Stlth+}
 63013 | Vaults:5 | Got a clouded bone ring
 63016 | Vaults:5 | Identified the ring "Vaopnax" {+Fly rElec Str+3 Dex+4} (You
                  | found it on level 5 of the Vaults)
 63108 | Vaults:5 | Found the +2 cloak of the Thief {*Fog Slay-2 SInv Stlth+}
 63254 | Vaults:5 | Identified the ring "Miov" {*Contam rPois Str+6}
 63261 | Vaults:5 | Identified the +2 war axe "Ukasmop" {drain, Int-5 Dex+4
                  | SInv}
 63319 | Vaults:5 | Identified the +5 rapier "Girighor" {protect, *Slow Str+6
                  | SInv}
 63324 | Vaults:5 | Reached skill level 23 in Air Magic
 63701 | Vaults:5 | Got a silver rune of Zot
 63703 | Vaults:5 | Got a warped cloak
 63704 | Vaults:5 | Identified the +0 cloak of Tortured Salvation {Stlth+} (You
                  | found it on level 5 of the Vaults)
 64260 | Orc:2    | Bought a scroll of enchant armour for 90 gold pieces
 64260 | Orc:2    | Bought a scroll of identify for 24 gold pieces
 64260 | Orc:2    | Bought a scroll of enchant armour for 90 gold pieces
 64260 | Orc:2    | Bought a scroll of identify for 24 gold pieces
 64260 | Orc:2    | Bought a scroll of identify for 24 gold pieces
 64260 | Orc:2    | Bought a scroll of magic mapping for 42 gold pieces
 64260 | Orc:2    | Bought a scroll of amnesia for 42 gold pieces
 64260 | Orc:2    | Bought a scroll of blinking for 90 gold pieces
 64260 | Orc:2    | Bought 3 scrolls of teleportation for 108 gold pieces
 64260 | Orc:2    | Bought a scroll of identify for 24 gold pieces
 64469 | Depths:1 | Entered Level 1 of the Depths
 64543 | Depths:1 | Found a one-way gate to the infinite horrors of the Abyss.
 64586 | Depths:1 | Reached XP level 24. HP: 130/160 MP: 45/45
 65155 | Depths:1 | Found a gateway to Hell.
 65238 | Depths:1 | Identified the +5 war axe "Heewafuf" {chaos, rPois Str+3}
 65566 | Depths:2 | Found Liudgh's Antique Weapon Boutique.
 65575 | Depths:2 | Found Senko's Magic Scroll Shop.
 65620 | Depths:2 | Bought a scroll of acquirement for 884 gold pieces
 65620 | Depths:2 | Bought 3 scrolls of identify for 102 gold pieces
 65620 | Depths:2 | Bought a scroll of identify for 34 gold pieces
 65620 | Depths:2 | Acquired a book of Necromancy
 66438 | Depths:2 | Found a gateway to a ziggurat.
 66591 | Depths:2 | Noticed a caustic shrike
 66597 | Depths:2 | Killed a caustic shrike
 66633 | Depths:2 | Reached skill level 15 in Fire Magic
 66636 | Depths:2 | Identified the +2 spear "Tiqaladgheiga" {pain, *Corrode
                  | Will++ Int+4}
 67382 | Depths:3 | Reached XP level 25. HP: 168/168 MP: 46/46
 67592 | Depths:3 | Identified the +11 flail of Demand {protect, Will+ Int+4}
 67777 | Depths:3 | Noticed a juggernaut
 67971 | Depths:3 | Noticed Boris
 67980 | Depths:3 | Killed Boris
 68060 | Depths:3 | Killed a juggernaut
 68438 | Depths:3 | Found a one-way gate leading to the halls of Pandemonium.
 68545 | Depths:3 | Identified the +9 rapier of Rubbish {drain, Will+} (You
                  | found it on level 3 of the Depths)
 70821 | Depths:4 | Identified the +6 hand crossbow of Plague {elec, rC+ rN+
                  | Str+2 Int-2}
 70828 | Depths:4 | Found a snail-covered altar of Cheibriados.
 70929 | Depths:5 | Entered Level 5 of the Depths
 70933 | Depths:5 | Reached XP level 26. HP: 179/179 MP: 47/47
 70935 | Depths:5 | Identified the +0 leather armour of Fun {-Tele rPois
                  | Regen+} (You found it on level 5 of the Depths)
 71068 | Depths:5 | Identified the ring "Toigrab" {rF- EV+4 Str-4 Int+7 Dex+2}
 71077 | Depths:5 | Found a transporter.
 71172 | Depths:5 | Identified Rept's Easy Theurgy
 71767 | Depths:5 | Found a gate to the Realm of Zot.
 71862 | Depths:5 | Identified the ring "Eteibatt" {rElec Will+ Str+4}
 72292 | Depths:5 | Found a transporter.
 72803 | Depths:5 | Identified the ring of Cikhlicha {Will+ Str+4}
 72877 | Depths:5 | Acquired the ring of Foprotol {+Blink Int+6}
 72937 | Depths:5 | Found a broken altar of Ashenzari.
 73262 | Depths:5 | Found a hide-covered altar of Uskayaw.
 73378 | Zot:1    | Entered Level 1 of the Realm of Zot
 74721 | Zot:2    | Noticed an orb of fire
 74939 | Zot:2    | Gained mutation: Your magical capacity is low. (-10% MP)
                  | [an orb of fire]
 74940 | Zot:2    | Gained mutation: Armour fits poorly on your strangely
                  | shaped body. [an orb of fire]
 74942 | Zot:2    | Killed an orb of fire
 74943 | Zot:2    | Reached XP level 27. HP: 186/186 MP: 43/43
 75254 | Zot:3    | Noticed an orb of fire
 75257 | Zot:3    | Gained mutation: You do not regenerate when monsters are
                  | visible. [an orb of fire]
 75257 | Zot:3    | Killed from afar by an orb of fire

Illustrated notes

Levels and vault maps discovered:
D:1:      evilmike_arrival_home_sweet_home, layout_basic
D:2:      layout_rooms, yredelemnul_altar_generic,
          nicolae_overflow_crystal_walls, uniq_terence
D:3:      layout_rooms, kennysheep_nub, minmay_hedge_maze, uniq_grinder,
          uniq_natasha, uniq_ijyb
D:4:      layout_cave_pools, tgw_sif
D:5:      layout_loops_ring, overflow_temple_1_default, kennysheep_mini,
          lemuel_temple_firewalk_b, portal_sewer_entry_e, serial_shops, shop,
          tgw_trog, uniq_pikel
D:6:      layout_rooms, lemuel_coloured_pillars_altar, lemuel_crystal_altar,
          nicolae_gozag_cash_rules_everything_around_me,
          kennysheep_generic_room_4, uniq_edmund, uniq_sigmund
D:7:      layout_loops_cross, serial_shops, shop, grunt_ministairs_11
D:8:      layout_loops_ring, lair_entry_dummy, minmay_misc_feat_more_columns,
          uniq_grum
D:9:      layout_gridville, serial_glass, glass_columns_c, glass_columns_a
D:10:     layout_roguey, david_orc_3, uniq_maggie, uniq_erica
D:11:     layout_basic, fedhas_bush_and_centaur_altar
D:12:     layout_basic, serial_rivers, chequers_serial_rivers_small_b,
          chequers_serial_rivers_small_a, chequers_serial_rivers_micro_b,
          chequers_serial_rivers_large_a, chequers_serial_rivers_room_b,
          enter_bailey_8
D:13:     layout_rooms, grunt_vaults_entry_fortified
D:14:     layout_roguey, gammafunk_ghost_icy
D:15:     grunt_enter_depths_magical_seal, layout_loops_ring,
          chequers_decorated_corner
Temple:   regret_index_temple_generic_petals
Lair:1:   layout_concentric_octagons, grunt_megastairs_1,
          minmay_lair_oklob_chamber
Lair:2:   layout_chaotic_city, infiniplex_staircase_pool, lemuel_fruit_tree,
          grunt_megastairs_2, serial_bayou_shore_a
Lair:3:   layout_long_grid, grunt_megastairs_3, uniq_sonja, uniq_nergalle
Lair:4:   layout_cave_pods, swamp_mist, nicolae_spider_entry_tight_spaces,
          serial_rivers, chequers_serial_rivers_room_b,
          chequers_serial_rivers_large_b, chequers_serial_rivers_micro_d,
          chequers_serial_rivers_micro_e, chequers_serial_rivers_marsh
Lair:5:   beast_lair_carwin_large_3, layout_cave_pods, slime_altar_1,
          serial_bayou_lagoon_b
Lair:6:   evilmike_catoblepas_cave, layout_loops_ring, serial_bayou_pond_d,
          uniq_josephine
Swamp:1:  gammafunk_worm_tunnel, layout_basic_swamp, nicolae_swamp_triple_paths,
          swamp_pool4
Swamp:2:  layout_falls_marsh, evilmike_swamp_ruin_house_2, uniq_nikola,
          uniq_jorgrun
Swamp:3:  layout_falls_marsh, nicolae_swamp_round_clearing, swamp_pool4,
          nicolae_swamp_treefoil, infiniplex_staircase_pool_2
Swamp:4:  swamp_fiery, layout_basic_swamp
Spider:1: layout_spider_delve
Spider:2: layout_chambers, hangedman_spider_tarantella_strand, uniq_arachne
Spider:3: layout_spider_delve, worms_lemuel
Spider:4: guppyfry_spider_rune, ebering_ghost_xom, portal_ice_cave_entry_dragon,
          guppyfry_spider_mini_1, uniq_aizul, uniq_donald, uniq_asterion
Orc:1:    layout_caves
Orc:2:    pubby_orc_utopia
Elf:1:    minmay_elf_arrival_circle, layout_gridlike, minmay_elf_necromancy,
          lemuel_flame_loot_1, uniq_louise, uniq_kirke
Elf:2:    layout_rooms, portal_desolation_entry_holy_temple, minivault_19
Elf:3:    grunt_elf_hall_diamonds, layout_loops_corners,
          gammafunk_ghost_berserking_beasts
Vaults:1: v_misc_31, hangedman_vaults_nails, ontoclasm_vaults_fault,
          nicolae_vaults_alarming, ontoclasm_vaults_gateway, vaults_dpeg_spiral,
          hangedman_vaults_capsules, ontoclasm_vaults_loading_screen,
          layout_vaults_big_room
Vaults:2: nicolae_vaults_circle_grid_b, grunt_vaults_swirl, v_alt_pattern_2,
          serial_ice_h, ontoclasm_vaults_twist, v_misc_24, vaults_room_fours,
          grunt_vaults_diagonal, grunt_vaults_twisty, layout_vaults_quadrants,
          uniq_margery
Vaults:3: hangedman_vaults_restitches, nicolae_vaults_little_ls,
          hangedman_vaults_nodes, v_misc_17, hangedman_vaults_variations,
          nicolae_vaults_little_squares_2, nicolae_vaults_little_squares_2,
          v_misc_9, v_rooms_1, vaults_standard_mumra_x,
          minmay_crypt_entry_simple_box, vaults_room_pools,
          hangedman_vaults_stretched_pinwheel, layout_vaults_ring, serial_shops,
          shop
Vaults:4: v_misc_13, nicolae_vaults_what_the_h, ontoclasm_vaults_ring_small,
          grunt_vaults_trifunnel, v_pattern_4, emtedronai_trogs_sanctum,
          v_misc_16, vaults_room_semicircle, v_misc_23,
          nicolae_vaults_little_squares_1, nicolae_vaults_ring_of_whatevers,
          v_misc_13, layout_vaults_omnibox, uniq_bai_suzhen, uniq_boris
Vaults:5: serial_shops, uniq_mennas, uniq_sojobo
Depths:1: layout_gridville, lightli_too_deep, abyss_entry, minivault_12,
          kennysheep_random_hallway
Depths:2: kennysheep_bubble_arena, layout_basic, enter_ziggurat_d,
          hangedman_abyss_entry_splay, minmay_misc_feat_doors,
          pf_vacation_house_of_asmodeus, minmay_shoptagon
Depths:3: minmay_the_grid_octo_tiled_octocenter_mashed
          [minmay_the_grid_octo_fan_narrow, minmay_the_grid_octo_horde,
          minmay_the_grid_octo_checkerflower, minmay_the_grid_octo_empty,
          minmay_the_grid_octo_prize_square_snowflake,
          minmay_the_grid_square_5x5_spiral_small,
          minmay_the_grid_square_5x5_almost_minimal,
          minmay_the_grid_square_5x5_bridge,
          minmay_the_grid_square_5x5_checkered], layout_gridville,
          hangedman_coc_ice_floe, hangedman_abyss_or_decor_jellyfish_corner,
          grunt_pan_entry_zigzag
Depths:4: pf_snail_temple, layout_cave_shapes, grunt_hell_entry_dis_grunt,
          abyss_entry_crystal, minmay_misc_feat_room, firewood_loft
Depths:5: hangedman_spin_cycle, hell_entry, serial_shops, abyss_entry
Zot:1:    layout_cellular_growth, hangedman_zot_gyre, st_single_dragon_hoard_4,
          drop_trap, grunt_megastairs_4
Zot:2:    layout_gridlike
Zot:3:    layout_misc_corridors

Skill      XL: |  1  2  3  4  5  6  7  8  9 10 11 12 13 14 15 16 17 18 19 20 21 22 23 24 25 26 |
---------------+-------------------------------------------------------------------------------+-----
Fighting       | 1 2 3 4 5 6 8 9 10 11 12 13 14 15 16 17 18 19 20 21 22 | 22.5
Dodging        | 3 4 5 6 7 9 10 11 12 13 14 15 16 17 | 17.9
Conjurations   | 6 7 9 10 11 13 14 15 16 17 18 20 21 | 21.6
Spellcasting   | 3 4 5 6 7 9 10 11 12 13 14 15 16 17 18 19 20 | 20.2
Air Magic      | 5 8 10 12 14 15 16 17 19 21 23 | 23.0
Fire Magic     | 4 7 9 10 11 12 13 14 15 16 18 | 18.2
Shields        | 4 |  4.0
Stealth        | |  2.0

Action                   |  1- 3 |  4- 6 |  7- 9 | 10-12 | 13-15 | 16-18 | 19-21 | 22-24 | 25-27 || total
-------------------------+-------+-------+-------+-------+-------+-------+-------+-------+-------++-------
Melee: Spear             |       |    17 |    18 |       |       |       |       |       |       ||    35
       Kick              |       |     2 |    27 |    39 |    92 |    33 |    12 |     2 |     6 ||   213
       Whip              |       |       |   140 |       |       |       |       |       |       ||   140
       Peck              |       |       |    17 |    23 |    51 |    25 |     8 |     2 |     8 ||   134
       Hand axe          |       |       |       |   131 |   283 |   162 |     1 |     1 |       ||   578
       Morningstar       |       |       |       |    14 |       |       |       |       |       ||    14
       Staff             |       |       |       |       |       |       |    40 |     3 |    20 ||    63
Throw: Dart              |       |       |     2 |    10 |     3 |     3 |       |       |     2 ||    20
 Cast: Magic Dart        |    47 |    16 |     8 |     6 |     6 |     2 |     2 |       |       ||    87
       Searing Ray       |     4 |    10 |    69 |   119 |   139 |    76 |     5 |       |       ||   422
       Iskenderun's Myst |       |       |     1 |     7 |    49 |   121 |   166 |    62 |    92 ||   498
       Mephitic Cloud    |       |       |       |     3 |    24 |    21 |     1 |       |       ||    49
       Sticky Flame      |       |       |       |    10 |   147 |    68 |     6 |       |       ||   231
       Lightning Bolt    |       |       |       |       |    51 |    37 |    36 |     3 |       ||   127
       Fireball          |       |       |       |       |     3 |   361 |   446 |   199 |   236 ||  1245
       Starburst         |       |       |       |       |       |     4 |    31 |       |       ||    35
       Freezing Cloud    |       |       |       |       |       |       |    54 |    18 |    21 ||    93
       Tornado           |       |       |       |       |       |       |       |    45 |    38 ||    83
       Ignition          |       |       |       |       |       |       |       |    17 |    16 ||    33
 Abil: Fly               |       |     1 |       |       |       |       |       |       |     3 ||     4
       Stop Flying       |       |       |       |       |       |       |       |       |     3 ||     3
Evoke: Wand              |       |       |       |       |     1 |     2 |     3 |       |       ||     6
  Use: Potion            |       |       |     1 |       |     7 |     2 |     2 |     1 |       ||    13
       Scroll            |       |       |       |     2 |    17 |    20 |     9 |    12 |    11 ||    71
 Stab: Sleeping          |       |       |     6 |       |     5 |       |       |       |       ||    11
       Confused          |       |       |       |       |     6 |     2 |       |       |       ||     8
Armor: Robe              |       |     1 |    34 |     4 |       |    10 |    18 |     7 |    11 ||    85
       Steam dragon scal |       |       |       |    32 |    80 |       |       |       |       ||   112
       Leather armour    |       |       |       |       |    16 |    19 |       |       |       ||    35
Dodge: Dodged            |     7 |    13 |   226 |   297 |   722 |   301 |   276 |   162 |   179 ||  2183
Block: Buckler           |       |       |       |       |       |     2 |    65 |    46 |    78 ||   191
       Reflection        |       |       |       |       |       |       |       |       |     9 ||     9

Table legend: (Time is in decaauts)
 A = Elapsed time spent in this place.
 B = Non-inter-level travel time spent in this place.
 C = Inter-level travel time spent in this place.
 D = Time resting spent in this place.
 E = Time spent auto-exploring this place.
 F = Levels seen in this place.
 G = Mean time per level.
                   A        B        C        D        E       F      G
               +--------+--------+--------+--------+--------+-----+--------+
         Total |  71925 |  68529 |   3396 |  12087 |  42141 |  50 | 1438.5 |
       Dungeon |  19519 |  18316 |   1203 |   2583 |  12208 |  15 | 1301.3 |
        Temple |    189 |    183 |      6 |      0 |    181 |   1 |  189.0 |
          Lair |  11638 |  11128 |    510 |   2104 |   7027 |   6 | 1939.7 |
         Swamp |   4484 |   4263 |    221 |    938 |   2595 |   4 | 1121.0 |
   Spider Nest |   4839 |   4641 |    198 |    690 |   3212 |   4 | 1209.8 |
  Orcish Mines |   3932 |   3642 |    290 |   1014 |   1303 |   2 | 1966.0 |
   Elven Halls |   6698 |   6332 |    366 |   1631 |   3179 |   3 | 2232.7 |
        Vaults |   9352 |   8915 |    437 |   1634 |   5414 |   5 | 1870.4 |
        Depths |   8606 |   8491 |    115 |   1408 |   5236 |   5 | 1721.2 |
           Zot |   1777 |   1730 |     47 |     62 |   1375 |   3 |  592.3 |
         Sewer |    194 |    194 |      0 |      0 |    114 |   1 |  194.0 |
        Bailey |    693 |    693 |      0 |     20 |    292 |   1 |  693.0 |
               +--------+--------+--------+--------+--------+-----+--------+

Top non-repeatable levels by time:
   Orc:2: 3293 daAuts
   Elf:2: 2734 daAuts
  Lair:5: 2729 daAuts
Vaults:4: 2624 daAuts
    D:13: 2547 daAuts
    D:15: 2426 daAuts
Depths:5: 2424 daAuts
    D:10: 2354 daAuts
  Lair:6: 2309 daAuts
Vaults:5: 2251 daAuts
   Elf:1: 2155 daAuts
Depths:4: 2093 daAuts
  Lair:4: 1981 daAuts
   Elf:3: 1808 daAuts
  Lair:1: 1795 daAuts
